 Dungeon Sprint DCSS version 0.21.1-1-g345015f (webtiles) character file.

47145 spiff the Spry (level 14, -24/129 HPs)
             Began as a Merfolk Transmuter on July 11, 2018.
             Was the Champion of Cheibriados.
             Killed from afar by a fire dragon (37 damage)
             ... with a blast of flame
             ... in the Dungeon (Sprint IX: "|||||||||||||||||||||||||||||").
             The game lasted 00:15:16 (3999 turns).

spiff the Spry (Merfolk Transmuter)                 Turns: 3999, Time: 00:15:17

Health: -24/129    AC: 15    Str: 29    XL:     14   Next: 40%
Magic:  12/31      EV: 31    Int: 29    God:    Cheibriados [******]
Gold:   735        SH:  0    Dex: 35    Spells: 34/40 levels left

rFire    . . .     SeeInvis .     - Unarmed
rCold    + . .     Gourm    .   (shield currently unavailable)
rNeg     . . .     Faith    .   C - +4 chain mail {rC+}
rPois    .         Spirit   .   (no helmet)
rElec    .         Reflect  .   v - +1 cloak
rCorr    .         Harm     .   (gloves currently unavailable)
MR       +....     NoTele   +   o - +0 pair of boots
Stlth    ..........             (no amulet)
HPRegen  0.31/turn              p - +3 ring of dexterity
MPRegen  0.22/turn              q - +3 ring of dexterity

@: blade hands (expiring), very slow
A: change form in water, swift swim, stealthy swim
a: End Transformation, Bend Time, Temporal Distortion, Slouch, Step From Time,
Renounce Religion


You were in the Dungeon.
You worshipped Cheibriados.
Cheibriados was exalted by your worship.
You were not hungry.
You had blades for hands.
You visited 1 branch You collected 1255 gold pieces.
You spent 520 gold pieces at shops.

Inventory:

Missiles
 a - 30 arrows
Armour
 b - a +0 robe
 o - a +0 pair of boots (worn)
 v - a +1 cloak (worn)
 w - a +0 pair of gloves
 A - +1 ice dragon scales
 B - a +1 pair of gloves (melded)
 C - a +4 chain mail of cold resistance (worn)
Jewellery
 p - a +3 ring of dexterity (left scythe-like blade)
 q - a +3 ring of dexterity (right scythe-like blade)
 x - an uncursed ring of ice
 y - an uncursed ring of ice
 z - an uncursed ring of fire
Wands
 n - a wand of acid (8)
Scrolls
 j - a scroll of blinking
 l - 6 scrolls of remove curse
 m - 2 scrolls of amnesia
 s - 2 scrolls of identify
 t - 2 scrolls of enchant weapon
 u - 2 scrolls of fear
 E - a scroll of fog
Potions
 e - 5 potions of curing
 g - a potion of haste
 h - 4 potions of magic
 r - 3 potions of brilliance
 D - a potion of agility
Books
 c - a book of Changes

   Spells                             Type                      Level
   a - Beastly Appendage              Transmutation                1
   b - Sticks to Snakes               Transmutation                2
   c - Spider Form                    Transmutation/Poison         3
   d - Ice Form                       Ice/Transmutation            4
   e - Blade Hands                    Transmutation                5
Miscellaneous
 i - a lamp of fire
Comestibles
 d - 9 rations


   Skills:
 + Level 17.6 Fighting
 + Level 20.4 Dodging
 + Level 19.2 Unarmed Combat
 + Level 13.7 Spellcasting
 + Level 20.3 Transmutations
 + Level 14.0 Invocations


You had 34 spell levels left.
You knew the following spells:

 Your Spells              Type           Power        Failure   Level  Hunger
a - Beastly Appendage     Tmut           ######       3%          1    None
b - Blade Hands           Tmut           #######...   7%          5    #......


Dungeon Overview and Level Annotations

Branches:
Dungeon (1/1)

Altars:
Cheibriados
Dithmenos
Elyvilon
Fedhas
Gozag
Hepliaklqana
Kikubaaqudgha
Makhleb
Nemelex Xobeh
Okawaru
Qazlal
Ru
Sif Muna
Trog
Uskayaw
Vehumet
Wu Jian
Xom
Yredelemnul
Zin
The Shining One
Beogh
Jiyva
Lugonu

Shops:
D (}(!


Message History

You closely miss the rakshasa.
The rakshasa is lightly wounded.
The rakshasa completely misses you.
You feel much better. The rakshasa completely misses you.
You shred the rakshasa!!!!
You kill the rakshasa!
Cheibriados thoroughly appreciates the change of pace.
The fire dragon breathes flames at you. The blast of flame hits you!
* * * LOW HITPOINT WARNING * * *
Okay, then.
You step out of the flow of time.
You return to the normal time flow.
You feel somewhat more hungry. The fire dragon bites you.
* * * LOW HITPOINT WARNING * * *
The fire dragon claws you but does no damage.
The fire dragon misses you.
You feel better. The fire dragon breathes flames at you.
The blast of flame hits you!
You die...

▓▓▓▓▓▓▓▓▓▓▓▓▓▓▓▓▓▓▓▓▓▓▓▓▓▓
...............)@D[..[....
▓▓▓▓▓▓▓▓▓▓▓▓▓▓▓▓▓▓▓▓▓▓▓▓▓▓▓▓▓▓▓▓▓
..)..............................
▓▓▓▓▓▓▓▓▓▓▓▓▓▓▓▓▓▓▓▓▓▓▓♣♣♣♣♣♣♣♣♣♣
...†.........'.Z§......†.†.......
▓▓▓▓▓▓▓▓▓▓▓▓▓▓▓▓▓▓▓▓▓▓▓♣♣♣♣♣♣♣♣♣♣
.........†.......................
▓▓▓▓▓▓▓▓▓▓▓▓▓▓▓▓▓▓▓▓▓▓▓▓▓▓▓▓▓▓▓▓▓
.......'=....)))))))).[..[[[.[.!.


You could see a fire dragon.

Vanquished Creatures
  A lich (D)
  A ghost moth (D)
  An iron dragon (D)
  Aizul (D)
  3 stone giants (D)
  Nessos (D)
  A merfolk impaler (D)
  A merfolk javelineer (D)
  A fire dragon (D)
  Erolcha (D)
  2 rakshasas (D)
  A hydra (D)
  A ghost crab (D)
  A naga warrior (D)
  An alligator snapping turtle (D)
  2 ice dragons (D)
  A centaur warrior (D)
  A two-headed ogre (D)
  A deep troll shaman (D)
  2 deep troll earth magi (D)
  7 orc high priests (D)
  A fire crab (shapeshifter) (D)
  Sonja (D)
  A swamp dragon (D)
  4 orc knights (D)
  A harpy (D)
  A shambling mangrove (D)
  2 mana vipers (D)
  An oklob plant (D)
  2 orc sorcerers (D)
  An orb spider (D)
  3 ugly things (D)
  A merfolk siren (D)
  A water nymph (D)
  Psyche (D)
  4 black mambas (D)
  2 guardian serpents (D)
  5 spiny frogs (D)
  A rime drake (D)
  A kobold demonologist (D)
  A yaktaur (D)
  3 demonic crawlers (D)
  A komodo dragon (D)
  2 jumping spiders (D)
  2 trolls (D)
  2 tengu conjurers (D)
  A merfolk (D)
  A tyrant leech (D)
  A wind drake (D)
  2 hippogriffs (D)
  2 slime creatures (D)
  A snapping turtle (D)
  A hippogriff (shapeshifter) (D)
  2 redbacks (D)
  A shadow (D)
  2 wyverns (D)
  Grum (D)
  3 vampire mosquitoes (D)
  A naga (D)
  A water moccasin (D)
  4 porcupines (D)
  2 ice beasts (D)
  10 orc warriors (D)
  2 sky beasts (D)
  A boggart (D)
  An ogre (D)
  3 wolves (D)
  5 crocodiles (D)
  3 bullfrogs (D)
  A howler monkey (D)
  A hound (D)
  10 orc priests (D)
  2 iguanas (D)
  An adder (D)
  A dart slug (D)
  A leopard gecko (D)
  9 orcs (D)
  A goblin (D)
  A hobgoblin (D)
  A jackal (D)
  A leopard gecko zombie (D)
158 creatures vanquished.

Vanquished Creatures (others)
  A hydra (D)
  A spiny frog (D)
  A slime creature (D)
3 creatures vanquished.

Grand Total: 161 creatures vanquished

Notes
Turn   | Place    | Note
-------+----------+-------------------------------------------
     0 | D        | spiff the Merfolk Transmuter began the quest for the Orb.
     0 | D        | Reached XP level 1. HP: 15/15 MP: 3/3
    20 | D        | Reached XP level 2. HP: 15/21 MP: 3/5
   106 | D        | Noticed a howler monkey
   106 | D        | Noticed an ice beast
   110 | D        | Reached skill level 5 in Unarmed Combat
   110 | D        | Reached skill level 5 in Transmutations
   118 | D        | Killed a howler monkey
   118 | D        | Reached XP level 3. HP: 22/26 MP: 4/6
   118 | D        | Reached XP level 4. HP: 28/32 MP: 4/7
   121 | D        | Killed an ice beast
   121 | D        | Reached XP level 5. HP: 32/37 MP: 4/8
   125 | D        | Reached skill level 10 in Transmutations
   256 | D        | Found a roughly hewn altar of Beogh.
   256 | D        | Found a snail-covered altar of Cheibriados.
   256 | D        | Found a shadowy altar of Dithmenos.
   256 | D        | Found a white marble altar of Elyvilon.
   256 | D        | Found a blossoming altar of Fedhas.
   256 | D        | Found an opulent altar of Gozag.
   257 | D        | Found a hazy altar of Hepliaklqana.
   258 | D        | Found a viscous altar of Jiyva.
   259 | D        | Found an ancient bone altar of Kikubaaqudgha.
   260 | D        | Became a worshipper of Cheibriados the Contemplative
   263 | D        | Found a corrupted altar of Lugonu.
   264 | D        | Found a burning altar of Makhleb.
   265 | D        | Found a sparkling altar of Nemelex Xobeh.
   266 | D        | Found an iron altar of Okawaru.
   267 | D        | Found a stormy altar of Qazlal.
   268 | D        | Found a sacrificial altar of Ru.
   269 | D        | Found a deep blue altar of Sif Muna.
   270 | D        | Found a bloodstained altar of Trog.
   271 | D        | Found a hide-covered altar of Uskayaw.
   272 | D        | Found a radiant altar of Vehumet.
   273 | D        | Found an ornate altar of the Wu Jian Council.
   274 | D        | Found a shimmering altar of Xom.
   275 | D        | Found a basalt altar of Yredelemnul.
   276 | D        | Found a glowing silver altar of Zin.
   277 | D        | Found a glowing golden altar of the Shining One.
   323 | D        | Learned a level 5 spell: Blade Hands
   323 | D        | Noticed a sky beast
   323 | D        | Noticed a wyvern
   323 | D        | Noticed a two-headed ogre
   323 | D        | Noticed a sky beast
   323 | D        | Noticed an ice beast
   329 | D        | Killed a sky beast
   329 | D        | Reached skill level 5 in Dodging
   329 | D        | Reached skill level 10 in Unarmed Combat
   329 | D        | Reached XP level 6. HP: 29/47 MP: 3/9
   332 | D        | Killed a wyvern
   332 | D        | Reached * piety under Cheibriados
   332 | D        | Reached skill level 5 in Fighting
   332 | D        | Reached XP level 7. HP: 56/56 MP: 3/10
   334 | D        | Killed a two-headed ogre
   334 | D        | Reached skill level 10 in Dodging
   334 | D        | Reached XP level 8. HP: 63/69 MP: 3/11
   341 | D        | Reached ** piety under Cheibriados
   437 | D        | Noticed a slime creature
   437 | D        | Noticed a cyan ugly thing
   437 | D        | Noticed a wyvern
   441 | D        | Killed a slime creature
   441 | D        | Reached *** piety under Cheibriados
   441 | D        | Reached skill level 1 in Invocations
   449 | D        | Killed a cyan ugly thing
   449 | D        | Reached **** piety under Cheibriados
   449 | D        | Reached XP level 9. HP: 60/78 MP: 7/14
   459 | D        | Reached skill level 10 in Fighting
   603 | D        | Noticed a spiny frog
   603 | D        | Noticed a komodo dragon
   603 | D        | Noticed a spiny frog
   605 | D        | Reached ***** piety under Cheibriados
   607 | D        | Killed a spiny frog
   614 | D        | Killed a komodo dragon
   614 | D        | Reached skill level 5 in Invocations
   616 | D        | Reached skill level 5 in Spellcasting
   618 | D        | Killed a spiny frog
   619 | D        | Reached ****** piety under Cheibriados
   621 | D        | Reached XP level 10. HP: 79/86 MP: 11/18
   655 | D        | Noticed an oklob plant
   725 | D        | Noticed a black mamba
   731 | D        | Killed an oklob plant
   747 | D        | Killed a black mamba
   749 | D        | Noticed a spiny frog
   750 | D        | Noticed a spiny frog
   753 | D        | Killed a spiny frog
   760 | D        | Noticed a spiny frog
   766 | D        | Killed a spiny frog
   770 | D        | Killed a spiny frog
   884 | D        | Noticed Erolcha
   893 | D        | Killed Erolcha
   893 | D        | Reached XP level 11. HP: 96/96 MP: 17/22
   993 | D        | Reached skill level 15 in Unarmed Combat
  1253 | D        | Noticed an orc knight
  1259 | D        | Killed an orc knight
  1260 | D        | Noticed an orc sorcerer
  1261 | D        | Noticed an orc knight
  1264 | D        | Noticed an orc sorcerer
  1265 | D        | Noticed a sixfirhy
  1273 | D        | Killed an orc sorcerer
  1273 | D        | Reached skill level 15 in Dodging
  1273 | D        | Reached skill level 15 in Transmutations
  1276 | D        | Killed an orc knight
  1282 | D        | Killed an orc sorcerer
  1428 | D        | Found Norups's Weapon Emporium.
  1428 | D        | Noticed an orc high priest
  1428 | D        | Noticed an orc high priest
  1428 | D        | Noticed an orc high priest
  1429 | D        | Noticed a sun demon
  1431 | D        | Noticed a soul eater
  1435 | D        | Killed an orc high priest
  1437 | D        | Killed an orc high priest
  1438 | D        | Noticed an orc high priest
  1439 | D        | Killed an orc high priest
  1440 | D        | Found Xukke's Gadget Shoppe.
  1441 | D        | Noticed an orc high priest
  1443 | D        | Killed an orc high priest
  1444 | D        | Found Ynoerchej's Antique Weapon Emporium.
  1455 | D        | Killed an orc high priest
  1455 | D        | Reached XP level 12. HP: 50/106 MP: 8/25
  1457 | D        | Noticed an orc high priest
  1462 | D        | Killed an orc high priest
  1462 | D        | Reached skill level 10 in Spellcasting
  1575 | D        | Found Piteex's Distillery.
  1581 | D        | Noticed an orc high priest
  1655 | D        | Killed an orc high priest
  1790 | D        | Bought a lamp of fire for 520 gold pieces
  1831 | D        | Noticed Sonja
  1841 | D        | Killed Sonja
  1969 | D        | Noticed Psyche
  1981 | D        | Killed Psyche
  2018 | D        | Noticed Grum
  2027 | D        | Killed Grum
  2180 | D        | Noticed a fire dragon
  2188 | D        | Noticed a stone giant
  2191 | D        | Noticed a centaur warrior
  2196 | D        | Noticed a stone giant
  2201 | D        | Killed a fire dragon
  2204 | D        | Killed a stone giant
  2204 | D        | Reached skill level 15 in Fighting
  2204 | D        | Reached skill level 10 in Invocations
  2204 | D        | Killed a centaur warrior
  2206 | D        | Killed a stone giant
  2395 | D        | Noticed Aizul
  2401 | D        | Killed Aizul
  2401 | D        | Reached XP level 13. HP: 116/116 MP: 23/28
  2467 | D        | Killed a ghost moth
  2785 | D        | Noticed a merfolk impaler
  2791 | D        | Killed a merfolk impaler
  2792 | D        | Noticed a merfolk javelineer
  2814 | D        | Killed a merfolk javelineer
  3343 | D        | Noticed Nessos
  3371 | D        | Killed Nessos
  3921 | D        | Noticed a lich
  3927 | D        | Noticed a rakshasa
  3931 | D        | Killed a lich
  3931 | D        | Reached XP level 14. HP: 107/128 MP: 25/31
  3937 | D        | Noticed an iron dragon
  3939 | D        | Noticed a golden dragon
  3941 | D        | Noticed a vampire knight
  3948 | D        | Noticed a stone giant
  3951 | D        | Killed a stone giant
  3982 | D        | Killed an iron dragon
  3998 | D        | HP: 5/129 [fire dragon (5)]
  3999 | D        | Killed from afar by a fire dragon

Skill      XL: |  1  2  3  4  5  6  7  8  9 10 11 12 13 14 |
---------------+-------------------------------------------+-----
Transmutations | 4 7 9 10 11 12 14 16 17 19 20 | 20.3
Unarmed Combat | 4 6 8 10 12 13 14 16 17 18 19 | 19.2
Fighting       | 3 5 8 9 10 12 13 15 17 | 17.6
Dodging        | 5 7 10 11 12 14 16 17 19 20 | 20.4
Invocations    | 3 5 8 10 13 14 | 14.0
Spellcasting   | 3 5 7 9 11 13 | 13.7

Action                   |  1- 3 |  4- 6 |  7- 9 | 10-12 | 13-15 || total
-------------------------+-------+-------+-------+-------+-------++-------
Melee: Unarmed           |    24 |    17 |    46 |   159 |   142 ||   388
       Headbutt          |     5 |     1 |       |       |       ||     6
       Punch             |     1 |       |     2 |    14 |    23 ||    40
 Cast: Beastly Appendage |     4 |       |       |       |       ||     4
       Blade Hands       |       |     1 |     2 |    13 |     8 ||    24
Invok: Slouch            |       |       |       |     2 |     1 ||     3
       Temporal Distorti |       |       |       |     2 |     3 ||     5
       Step From Time    |       |       |       |       |     2 ||     2
Evoke: Wand              |       |       |       |     2 |       ||     2
       Lamp of fire      |       |       |       |     1 |     2 ||     3
  Use: Potion            |     1 |     1 |       |     5 |     4 ||    11
       Scroll            |       |       |       |     3 |       ||     3
 Stab: Invisible         |       |       |       |    11 |       ||    11
  Eat: Chunk             |       |       |       |     3 |       ||     3
       Ration            |       |       |       |     1 |     1 ||     2
Armor: Robe              |     4 |     3 |       |     3 |       ||    10
       Chain mail        |       |       |       |     7 |    45 ||    52
Dodge: Dodged            |    12 |     6 |    19 |   186 |   198 ||   421
